Blues vs Avalanche
(R1)
Created - 29 avril 2015 at 23:04
Goals
|
| Blues |
1 |
5 |
0 |
6 |
| Avalanche |
1 |
0 |
0 |
1 |
|
Shots
|
| Blues |
9 |
18 |
2 |
29 |
| Avalanche |
8 |
7 |
15 |
30 |
|
1st period
1. Blues , Nik Antropov 5 (Marian Hossa) at 6:39 (PP)
2. Avalanche , Ryan Smyth 5 (Pierre-Marc Bouchard) at 11:21
Penalties :
Jack Johnson (Col) for High sticking (Minor) at 0:24, Shane O'Brien (Col) for Holding (Minor) at 6:34, Brian Lee (STL) for Slashing (Minor) at 7:21, Ryan Smyth (Col) for Holding (Minor) at 13:42
2nd period
3. Blues , David Perron 3 (Sergei Shirokov) at 1:28
4. Blues , Marian Hossa 3 (Paul Kariya, Travis Zajac) at 9:48
5. Blues , Nik Antropov 6 (Marian Hossa) at 10:51 (PP)
6. Blues , Paul Kariya 5 (Taylor Pyatt, Nik Antropov) at 16:40
7. Blues , Andrew Cogliano 4 (Erik Rasmussen) at 17:25
Penalties :
Dan Boyle (STL) for Holding (Minor) at 5:55, Jason Pominville (Col) for High sticking (Minor) at 10:42, Paul Kariya (STL) for Roughing (Minor) at 10:58, Pierre-Marc Bouchard (Col) for Hooking (Minor) at 14:14, Paul Kariya (STL) for Hooking (Minor) at 14:18
3rd period
No Goal
Penalties :
Dave Tanabe (Col) for Fighting (Major) at 0:11, Bryce Lampman (STL) for Fighting (Major) at 0:11, Pierre-Marc Bouchard (Col) for Fighting (Major) at 0:24, Dan Boyle (STL) for Fighting (Major) at 0:24, Paul Kariya (STL) for Roughing (Minor) at 3:04, Brian Campbell (Col) for Fighting (Major) at 6:30, Travis Zajac (STL) for Fighting (Major) at 6:30, Rostislav Olesz (Col) for Fighting (Major) at 10:59, Dan Boyle (STL) for Fighting (Major) at 10:59, Rostislav Olesz (Col) for instigated a fight (Minor) at 10:59, Rostislav Olesz (Col) for instigated a fight (10 Minutes Misconduct) at 10:59, Pierre-Marc Bouchard (Col) for Tripping (Minor) at 14:58, Kevin Shattenkirk (STL) for Diving (Minor) at 18:26
Goalie Stats
Cory Schneider (STL), 29 saves from 30 shots - (0,967), W, 2-0-0, 60:00 minutes
Jimmy Howard (Col), 8 saves from 10 shots - (0,800), 29:09 minutes
Marty Turco (Col), 15 saves from 19 shots - (0,789), L, 6-2-0, 30:51 minutes
Players Stats for Blues
Player Name G A P +/- PIM S H SB GA TA FO MP PP MP PK MP
------------------------------------------------------------------------------------
Ales Kotalik 0 0 0 1 0 1 0 0 0 0 0/0 14:21 0:00 2:46
Andrew Cogliano 1 0 1 1 0 3 1 0 0 0 2/5 12:42 0:00 0:48
Brent Burns 0 0 0 2 0 0 1 0 1 1 0/0 26:28 5:29 4:49
Brian Lee 0 0 0 2 2 2 3 2 0 2 0/0 21:13 4:04 0:28
Bryce Lampman 0 0 0 0 5 1 2 2 0 2 0/0 20:54 0:40 4:01
Dan Boyle 0 0 0 -1 12 3 1 1 1 0 0/0 18:01 2:32 1:00
David Perron 1 0 1 0 0 3 1 0 0 1 0/0 12:08 3:38 0:00
Derek Boogaard 0 0 0 0 0 1 2 0 0 0 0/0 9:05 0:00 1:24
Drew Fata 0 0 0 2 0 0 1 2 0 1 0/0 16:17 0:14 5:04
Erik Rasmussen 0 1 1 0 0 2 0 1 0 0 2/5 7:07 0:00 0:00
Ian Laperriere 0 0 0 0 0 0 0 0 0 0 1/1 7:10 0:00 0:00
Kevin Shattenkirk 0 0 0 1 2 1 0 0 0 2 0/0 16:38 3:29 3:44
Marian Hossa 1 2 3 1 0 3 0 1 1 0 1/3 18:00 4:36 0:00
Nik Antropov 2 1 3 1 0 5 1 0 0 0 14/24 18:46 4:36 5:23
Paul Kariya 1 1 2 2 6 2 3 0 0 0 1/1 19:00 4:35 0:00
Sergei Shirokov 0 1 1 0 0 0 1 0 0 0 0/1 17:14 3:38 3:22
Taylor Pyatt 0 1 1 2 0 1 1 1 0 0 1/1 16:53 0:00 5:23
Travis Zajac 0 1 1 1 5 1 0 0 0 0 13/26 16:25 3:38 0:00
Players Stats for Avalanche
Player Name G A P +/- PIM S H SB GA TA FO MP PP MP PK MP
------------------------------------------------------------------------------------
Andrew Ladd 0 0 0 0 0 2 1 1 0 0 0/1 13:42 0:47 4:35
Brian Campbell 0 0 0 0 5 2 0 0 0 0 0/0 15:49 4:15 1:03
Bryan Little 0 0 0 -1 0 0 0 0 0 1 2/2 12:33 4:05 1:03
Chuck Kobasew 0 0 0 -1 0 2 1 0 2 0 0/2 10:33 0:04 2:33
Corey Perry 0 0 0 -1 0 3 0 0 2 0 0/1 20:10 5:14 0:01
Dave Tanabe 0 0 0 -2 5 0 0 1 0 0 0/0 20:49 4:18 3:13
Drew Doughty 0 0 0 -1 0 0 2 1 0 0 0/0 19:37 5:51 0:00
Dustin Byfuglien 0 0 0 -1 0 0 2 1 0 0 2/4 10:56 0:31 2:02
Jack Johnson 0 0 0 -1 2 1 1 2 2 0 0/0 21:34 1:00 4:00
Jason Pominville 0 0 0 0 2 6 0 0 1 0 0/1 15:49 4:15 0:00
Marc Staal 0 0 0 -1 0 3 3 1 0 0 0/0 25:37 3:42 5:10
Max Pacioretty 0 0 0 0 0 3 2 0 0 1 0/1 14:54 4:15 0:00
Michael Rupp 0 0 0 -2 0 0 2 0 0 0 0/0 9:29 0:04 1:34
Mike Comrie 0 0 0 0 0 4 2 0 0 0 10/23 15:30 0:00 4:41
Pierre-Marc Bouchard 0 1 1 -2 9 2 1 1 0 0 16/27 19:11 4:10 0:00
Rostislav Olesz 0 0 0 0 17 0 1 0 1 0 2/5 6:22 0:00 0:00
Ryan Smyth 1 0 1 -1 2 1 1 0 1 0 0/0 20:33 5:14 0:00
Shane O'Brien 0 0 0 -1 2 1 0 3 0 1 0/0 16:38 0:00 3:06
3 Stars
1 - Nik Antropov (STL)
2 - Marian Hossa (STL)
3 - Cory Schneider (STL)
Power Play
Blues - 2 on 7 Attempt(s) - 28,57%
Avalanche - 0 on 6 Attempt(s) - 0,00%
Penalty Kill
Blues - 6 on 6 Attempt(s) - 100,00%
- Score 0 goal in Penalty Kill
Avalanche - 5 on 7 Attempt(s) - 71,43%
- Score 0 goal in Penalty Kill
Team Stat
Blues - Hits : 18 - Faceoff Wins : 35 - Blocked Shots : 10 - Penalty Minutes : 32
Avalanche - Hits : 19 - Faceoff Wins : 32 - Blocked Shots : 11 - Penalty Minutes : 44
Official
Referees : Rehman Kyle and Ciamaga Chris
Linesman : Andy McElman and Vaughan Rody
Game Notes
Jimmy Howard enters game at 10:51 of 2nd period
Dave Tanabe beats up Bryce Lampman at 0:11 of 3rd period
Dan Boyle beats up Pierre-Marc Bouchard at 0:24 of 3rd period
Brian Campbell and Travis Zajac fight to a draw at 6:30 of 3rd period
Rostislav Olesz and Dan Boyle fight to a draw at 10:59 of 3rd period
Finance
Level 1 -- Attendance: 6000 (100,00%) -- Ticket Income 504 000 $
Level 2 -- Attendance: 5000 (100,00%) -- Ticket Income 250 000 $
Level 3 -- Attendance: 2000 (100,00%) -- Ticket Income 56 000 $
Level 4 -- Attendance: 4000 (100,00%) -- Ticket Income 72 000 $
Luxury Box -- Attendance: 1000 (100,00%) -- Ticket Income 167 000 $
Game was played at the Pepsi Center'
Total Attendance: 18000 (100,00%)
Total Ticket Income: 1 049 000 $
Other Income: 157 350 $
Total Income: 1 206 350 $
Blues
5 vs 5 Forward
Center Left Wing Right Wing Time % Phy DF OF
1 Travis Zajac Paul Kariya Marian Hossa 40 1 2 2
2 Nik Antropov David Perron Sergei Shirokov 30 1 2 2
3 Andrew Cogliano Taylor Pyatt Ales Kotalik 20 1 2 2
4 Erik Rasmussen Derek Boogaard Ian Laperriere 10 1 2 2
5 vs 5 Defense
Defense Defense Time % Phy DF OF
1 Dan Boyle Bryce Lampman 40 1 2 2
2 Brent Burns Brian Lee 30 1 2 2
3 Drew Fata Kevin Shattenkirk 20 1 2 2
4 Dan Boyle Brent Burns 10 1 2 2
PowerPlay Forward
Center Left Wing Right Wing Time % Phy DF OF
1 Nik Antropov Paul Kariya Marian Hossa 60 1 2 2
2 Travis Zajac David Perron Sergei Shirokov 40 1 2 2
PowerPlay Defense
Defense Defense Time % Phy DF OF
1 Dan Boyle Brent Burns 60 1 2 2
2 Brian Lee Kevin Shattenkirk 40 1 2 2
Penalty Kill 4 Players Forward
Center Wing Time % Phy DF OF
1 Nik Antropov Taylor Pyatt 60 1 2 2
2 Ales Kotalik Sergei Shirokov 40 1 2 2
Penalty Kill 4 Players Defense
Defense Defense Time % Phy DF OF
1 Bryce Lampman Drew Fata 60 1 2 2
2 Brent Burns Kevin Shattenkirk 40 1 2 2
Penalty Kill - 3 Players Forward
Forward Time % Phy DF OF
1 Taylor Pyatt 60 1 2 2
2 Ales Kotalik 40 1 2 2
Penalty Kill - 3 Players Defense
Defense Defense Time % Phy DF OF
1 Drew Fata Bryce Lampman 60 1 2 2
2 Brian Lee Dan Boyle 40 1 2 2
4 vs 4 Forward
Center Wing Time % Phy DF OF
1 Travis Zajac Paul Kariya 60 1 2 2
2 Nik Antropov Marian Hossa 40 1 2 2
4 vs 4 Defense
Defense Defense Time % Phy DF OF
1 Dan Boyle Bryce Lampman 60 1 2 2
2 Brent Burns Brian Lee 40 1 2 2
Last Minutes Offensive
Center Left Wing Right Wing Defense Defense
Travis Zajac Paul Kariya Marian Hossa Dan Boyle Brent Burns
Last Minutes Defensive
Center Left Wing Right Wing Defense Defense
Nik Antropov Taylor Pyatt Sergei Shirokov Bryce Lampman Drew Fata
Goaltenders
Starting : Cory Schneider
Backup : Tuukka Rask
Extra Forwards
Normal : Andrew Cogliano, Taylor Pyatt, Sergei Shirokov - PP : Andrew Cogliano, Taylor Pyatt - PK : Sergei Shirokov
Extra Defensemen
Normal : Brian Lee, Kevin Shattenkirk, Bryce Lampman - PP : Brian Lee - PK : Kevin Shattenkirk, Dan Boyle
Penalty Shots
David Perron, Ian Laperriere, Marian Hossa, Travis Zajac, Nik Antropov
Avalanche
5 vs 5 Forward
Center Left Wing Right Wing Time % Phy DF OF
1 Pierre-Marc Bouchard Ryan Smyth Corey Perry 40 1 2 2
2 Mike Comrie Max Pacioretty Jason Pominville 30 1 2 2
3 Bryan Little Michael Rupp Dustin Byfuglien 15 1 2 2
4 Rostislav Olesz Andrew Ladd Chuck Kobasew 15 1 2 2
5 vs 5 Defense
Defense Defense Time % Phy DF OF
1 Jack Johnson Marc Staal 40 1 3 1
2 Brian Campbell Drew Doughty 30 1 3 1
3 Dave Tanabe Shane O'Brien 30 1 3 1
4 Jack Johnson Marc Staal 0 1 3 1
PowerPlay Forward
Center Left Wing Right Wing Time % Phy DF OF
1 Pierre-Marc Bouchard Ryan Smyth Corey Perry 60 0 2 3
2 Bryan Little Max Pacioretty Jason Pominville 40 0 2 3
PowerPlay Defense
Defense Defense Time % Phy DF OF
1 Drew Doughty Dave Tanabe 60 0 2 3
2 Marc Staal Brian Campbell 40 0 2 3
Penalty Kill 4 Players Forward
Center Wing Time % Phy DF OF
1 Mike Comrie Andrew Ladd 60 1 3 1
2 Dustin Byfuglien Chuck Kobasew 40 1 3 1
Penalty Kill 4 Players Defense
Defense Defense Time % Phy DF OF
1 Jack Johnson Marc Staal 60 1 3 1
2 Dave Tanabe Shane O'Brien 40 1 3 1
Penalty Kill - 3 Players Forward
Forward Time % Phy DF OF
1 Mike Comrie 60 1 2 2
2 Jason Pominville 40 1 2 2
Penalty Kill - 3 Players Defense
Defense Defense Time % Phy DF OF
1 Jack Johnson Marc Staal 60 1 2 2
2 Dave Tanabe Shane O'Brien 40 1 2 2
4 vs 4 Forward
Center Wing Time % Phy DF OF
1 Pierre-Marc Bouchard Jason Pominville 60 1 2 2
2 Mike Comrie Ryan Smyth 40 1 2 2
4 vs 4 Defense
Defense Defense Time % Phy DF OF
1 Jack Johnson Marc Staal 60 1 2 2
2 Dave Tanabe Drew Doughty 40 1 2 2
Last Minutes Offensive
Center Left Wing Right Wing Defense Defense
Pierre-Marc Bouchard Ryan Smyth Jason Pominville Drew Doughty Dave Tanabe
Last Minutes Defensive
Center Left Wing Right Wing Defense Defense
Mike Comrie Ryan Smyth Dustin Byfuglien Jack Johnson Marc Staal
Goaltenders
Starting : Marty Turco
Backup : Jimmy Howard
Extra Forwards
Normal : Dustin Byfuglien, Andrew Ladd, Chuck Kobasew - PP : Dustin Byfuglien, Andrew Ladd - PK : Chuck Kobasew
Extra Defensemen
Normal : Drew Doughty, Shane O'Brien, Dave Tanabe - PP : Drew Doughty - PK : Shane O'Brien, Dave Tanabe
Penalty Shots
Dustin Byfuglien, Jason Pominville, Pierre-Marc Bouchard, Ryan Smyth, Mike Comrie
% Time on Ice - Blues
Lines # - Real PCT - Wanted PCT - Time Play
Normal Forward
1 - 34% - 40% - 13:49
2 - 24% - 30% - 9:31
3 - 24% - 20% - 9:51
4 - 18% - 10% - 7:07
Normal Defense
1 - 45% - 40% - 18:20
2 - 30% - 30% - 12:09
3 - 20% - 20% - 7:56
4 - 5% - 10% - 1:53
PP Forward
1 - 56% - 60% - 4:36
2 - 44% - 40% - 3:38
PP Defense
1 - 74% - 60% - 6:04
2 - 26% - 40% - 2:10
PK Forward
1 - 71% - 60% - 6:47
2 - 29% - 40% - 2:46
PK Defense
1 - 57% - 60% - 5:29
2 - 43% - 40% - 4:04
PK3 Forward
1 - 0% - 60%
2 - 0% - 40%
PK3 Defense
1 - 0% - 60%
2 - 0% - 40%
44 Forward
1 - 100% - 60% - 1:55
2 - 0% - 40% - 0:00
44 Defense
1 - 50% - 60% - 0:58
2 - 50% - 40% - 0:57
Last Minute Offensive - 0:00
Last Minute Defensive - 0:00
Total
Forward - 60:00
Defense - 60:00
|
% Time on Ice - Avalanche
Lines # - Real PCT - Wanted PCT - Time Play
Normal Forward
1 - 40% - 40% - 16:09
2 - 27% - 30% - 10:43
3 - 17% - 15% - 6:40
4 - 17% - 15% - 6:46
Normal Defense
1 - 39% - 40% - 15:55
2 - 34% - 30% - 13:43
3 - 26% - 30% - 10:40
4 - 0% - 0% - 0:00
PP Forward
1 - 55% - 60% - 5:18
2 - 45% - 40% - 4:15
PP Defense
1 - 65% - 60% - 6:13
2 - 35% - 40% - 3:20
PK Forward
1 - 75% - 60% - 6:12
2 - 25% - 40% - 2:02
PK Defense
1 - 63% - 60% - 5:10
2 - 37% - 40% - 3:04
PK3 Forward
1 - 0% - 60%
2 - 0% - 40%
PK3 Defense
1 - 0% - 60%
2 - 0% - 40%
44 Forward
1 - 100% - 60% - 1:55
2 - 0% - 40% - 0:00
44 Defense
1 - 62% - 60% - 1:11
2 - 38% - 40% - 0:44
Last Minute Offensive - 0:00
Last Minute Defensive - 0:00
Total
Forward - 60:00
Defense - 60:00
|
Play by Play
1st period
0:01 of 1st period - Pierre-Marc Bouchard wins face-off versus Travis Zajac in neutral zone.
0:03 of 1st period - Off-side.
0:04 of 1st period - Travis Zajac wins face-off versus Pierre-Marc Bouchard in neutral zone.
0:07 of 1st period - Wrist shot by Marian Hossa.
0:07 of 1st period - Deflect By Paul Kariya.
0:07 of 1st period - Shot Blocked by Marc Staal.
0:07 of 1st period - Puck is out of play.
0:08 of 1st period - Travis Zajac wins face-off versus Pierre-Marc Bouchard in Avalanche zone.
0:24 of 1st period - Minor Penalty to Jack Johnson for High sticking.
0:25 of 1st period - Nik Antropov wins face-off versus Mike Comrie in Avalanche zone.
0:26 of 1st period - Snap shot by Paul Kariya.
0:26 of 1st period - Shot Blocked by Shane O'Brien.
0:34 of 1st period - Slapshot by Dan Boyle.
0:34 of 1st period - Stopped by Marty Turco with a rebound.
0:36 of 1st period - Slapshot by Brent Burns.
0:36 of 1st period - Shot Misses the Net.
1:21 of 1st period - David Perron is hit by Mike Comrie and loses puck.
2:18 of 1st period - Brian Lee is hit by Marc Staal and loses puck.
2:24 of 1st period - Penalty to Jack Johnson is over, Jack Johnson is back on ice.
2:58 of 1st period - Wrist shot by Derek Boogaard.
2:58 of 1st period - Stopped by Marty Turco with a rebound.
3:00 of 1st period - Slapshot by Bryce Lampman.
3:00 of 1st period - Stopped by Marty Turco with a rebound.
3:19 of 1st period - Marc Staal is hit by Brian Lee and loses puck.
3:37 of 1st period - Icing by Pierre-Marc Bouchard.
3:38 of 1st period - Nik Antropov wins face-off versus Chuck Kobasew in Avalanche zone.
4:26 of 1st period - Slapshot by Andrew Cogliano.
4:26 of 1st period - Stopped by Marty Turco without a rebound.
4:27 of 1st period - Dustin Byfuglien wins face-off versus Andrew Cogliano in Avalanche zone.
4:27 of 1st period - Dustin Byfuglien is hit by Taylor Pyatt.
5:00 of 1st period - Slapshot by Brian Campbell.
5:00 of 1st period - Stopped by Cory Schneider with a rebound.
6:16 of 1st period - Snap shot by Ales Kotalik.
6:16 of 1st period - Shot Misses the Net.
6:34 of 1st period - Minor Penalty to Shane O'Brien for Holding.
6:35 of 1st period - Nik Antropov wins face-off versus Mike Comrie in Avalanche zone.
6:35 of 1st period - Wrist shot by Marian Hossa.
6:35 of 1st period - Deflect By Dave Tanabe.
6:35 of 1st period - Stopped by Marty Turco without a rebound.
6:36 of 1st period - Nik Antropov wins face-off versus Mike Comrie in Avalanche zone.
6:39 of 1st period - Snap shot by Nik Antropov.
6:39 of 1st period - Goal by Nik Antropov - Blues : 1 - Avalanche : 0.
6:40 of 1st period - Pierre-Marc Bouchard wins face-off versus Travis Zajac in neutral zone.
6:42 of 1st period - Dave Tanabe is hit by Brian Lee and loses puck.
7:21 of 1st period - Minor Penalty to Brian Lee for Slashing.
7:22 of 1st period - Pierre-Marc Bouchard wins face-off versus Nik Antropov in Blues zone.
7:32 of 1st period - Snap shot by Ryan Smyth.
7:32 of 1st period - Shot Misses the Net.
7:36 of 1st period - Backhand shot by Ryan Smyth.
7:36 of 1st period - Deflect By Pierre-Marc Bouchard.
7:36 of 1st period - Shot Misses the Net.
7:36 of 1st period - Puck is out of play.
7:37 of 1st period - Nik Antropov wins face-off versus Pierre-Marc Bouchard in Blues zone.
9:21 of 1st period - Penalty to Brian Lee is over, Brian Lee is back on ice.
9:29 of 1st period - Sergei Shirokov is hit by Chuck Kobasew and loses puck.
10:34 of 1st period - Marc Staal is hit by Sergei Shirokov and loses puck.
10:38 of 1st period - Icing by Marc Staal.
10:39 of 1st period - Rostislav Olesz wins face-off versus Travis Zajac in Avalanche zone.
10:46 of 1st period - Slapshot by Chuck Kobasew.
10:46 of 1st period - Stopped by Cory Schneider with a rebound.
11:17 of 1st period - Wrist shot by Jason Pominville.
11:17 of 1st period - Shot Blocked by Taylor Pyatt.
11:19 of 1st period - Snap shot by Mike Comrie.
11:19 of 1st period - Stopped by Cory Schneider without a rebound.
11:20 of 1st period - Pierre-Marc Bouchard wins face-off versus Nik Antropov in Blues zone.
11:21 of 1st period - Slapshot by Ryan Smyth.
11:21 of 1st period - Goal by Ryan Smyth - Blues : 1 - Avalanche : 1.
11:22 of 1st period - Nik Antropov wins face-off versus Corey Perry in neutral zone.
12:03 of 1st period - Icing by Jason Pominville.
12:04 of 1st period - Andrew Cogliano wins face-off versus Mike Comrie in Avalanche zone.
12:21 of 1st period - Taylor Pyatt is hit by Max Pacioretty and loses puck.
12:32 of 1st period - Snap shot by Jason Pominville.
12:32 of 1st period - Shot Misses the Net.
12:40 of 1st period - Slapshot by Jason Pominville.
12:40 of 1st period - Stopped by Cory Schneider without a rebound.
12:41 of 1st period - Pierre-Marc Bouchard wins face-off versus Sergei Shirokov in Blues zone.
13:06 of 1st period - Jack Johnson is hit by Bryce Lampman and loses puck.
13:27 of 1st period - Wrist shot by Paul Kariya.
13:27 of 1st period - Shot Misses the Net.
13:29 of 1st period - Slapshot by Kevin Shattenkirk.
13:29 of 1st period - Shot Misses the Net.
13:31 of 1st period - Slapshot by Brian Lee.
13:31 of 1st period - Stopped by Marty Turco without a rebound.
13:32 of 1st period - Pierre-Marc Bouchard wins face-off versus Erik Rasmussen in Avalanche zone.
13:42 of 1st period - Minor Penalty to Ryan Smyth for Holding.
13:43 of 1st period - Mike Comrie wins face-off versus Nik Antropov in Avalanche zone.
13:59 of 1st period - Wrist shot by Marian Hossa.
13:59 of 1st period - Stopped by Marty Turco without a rebound.
14:00 of 1st period - Mike Comrie wins face-off versus Nik Antropov in Avalanche zone.
14:11 of 1st period - Wrist shot by Paul Kariya.
14:11 of 1st period - Shot Blocked by Jack Johnson.
14:13 of 1st period - Slapshot by Dan Boyle.
14:13 of 1st period - Shot Blocked by Andrew Ladd.
15:42 of 1st period - Penalty to Ryan Smyth is over, Ryan Smyth is back on ice.
16:00 of 1st period - Wrist shot by Bryan Little.
16:00 of 1st period - Shot Misses the Net.
16:12 of 1st period - Snap shot by Pierre-Marc Bouchard.
16:12 of 1st period - Shot Blocked by Bryce Lampman.
16:14 of 1st period - Wrist shot by Pierre-Marc Bouchard.
16:14 of 1st period - Stopped by Cory Schneider without a rebound.
16:15 of 1st period - Andrew Cogliano wins face-off versus Pierre-Marc Bouchard in Blues zone.
16:57 of 1st period - Wrist shot by Corey Perry.
16:57 of 1st period - Shot Misses the Net.
17:44 of 1st period - Snap shot by Ales Kotalik.
17:44 of 1st period - Deflect By Drew Doughty.
17:44 of 1st period - Stopped by Marty Turco with a rebound.
18:00 of 1st period - Snap shot by Corey Perry.
18:00 of 1st period - Stopped by Cory Schneider with a rebound.
19:29 of 1st period - Backhand shot by Pierre-Marc Bouchard.
19:29 of 1st period - Stopped by Cory Schneider with a rebound.
Goals for this period are 1 for Blues vs 1 for Avalanche.
Shots for this period are 9 for Blues vs 8 for Avalanche.
2nd period
0:01 of 2nd period - Mike Comrie wins face-off versus Travis Zajac in neutral zone.
0:11 of 2nd period - Snap shot by Mike Comrie.
0:11 of 2nd period - Deflect By Jason Pominville.
0:11 of 2nd period - Stopped by Cory Schneider without a rebound.
0:12 of 2nd period - Mike Comrie wins face-off versus Travis Zajac in Blues zone.
0:15 of 2nd period - Wrist shot by Mike Comrie.
0:15 of 2nd period - Stopped by Cory Schneider with a rebound.
0:50 of 2nd period - Nik Antropov is hit by Michael Rupp and loses puck.
1:05 of 2nd period - Ryan Smyth is hit by Nik Antropov and loses puck.
1:26 of 2nd period - Wrist shot by David Perron.
1:26 of 2nd period - Stopped by Marty Turco with a rebound.
1:28 of 2nd period - Slapshot by David Perron.
1:28 of 2nd period - Goal by David Perron - Blues : 2 - Avalanche : 1.
1:29 of 2nd period - Mike Comrie wins face-off versus Travis Zajac in neutral zone.
1:43 of 2nd period - Slapshot by Jason Pominville.
1:43 of 2nd period - Shot Misses the Net.
1:59 of 2nd period - Wrist shot by Derek Boogaard.
1:59 of 2nd period - Shot Misses the Net.
2:27 of 2nd period - Snap shot by Andrew Cogliano.
2:27 of 2nd period - Stopped by Marty Turco without a rebound.
2:28 of 2nd period - Travis Zajac wins face-off versus Mike Comrie in Avalanche zone.
2:33 of 2nd period - Slapshot by Dave Tanabe.
2:33 of 2nd period - Shot Blocked by Marian Hossa.
2:35 of 2nd period - Slapshot by Dave Tanabe.
2:35 of 2nd period - Shot Misses the Net.
2:37 of 2nd period - Snap shot by Jason Pominville.
2:37 of 2nd period - Shot Misses the Net.
2:39 of 2nd period - Wrist shot by Max Pacioretty.
2:39 of 2nd period - Stopped by Cory Schneider without a rebound.
2:40 of 2nd period - Travis Zajac wins face-off versus Jason Pominville in Blues zone.
3:05 of 2nd period - Brian Lee is hit by Michael Rupp and loses puck.
3:28 of 2nd period - Icing by Derek Boogaard.
3:29 of 2nd period - Ian Laperriere wins face-off versus Pierre-Marc Bouchard in Blues zone.
3:29 of 2nd period - Ian Laperriere is hit by Marc Staal.
3:35 of 2nd period - Slapshot by Brian Lee.
3:35 of 2nd period - Deflect By Pierre-Marc Bouchard.
3:35 of 2nd period - Stopped by Marty Turco with a rebound.
4:01 of 2nd period - Snap shot by Erik Rasmussen.
4:01 of 2nd period - Stopped by Marty Turco with a rebound.
4:25 of 2nd period - Snap shot by Jack Johnson.
4:25 of 2nd period - Deflect By Corey Perry.
4:25 of 2nd period - Shot Blocked by Erik Rasmussen.
4:25 of 2nd period - Puck is out of play.
4:26 of 2nd period - Travis Zajac wins face-off versus Mike Comrie in Blues zone.
4:33 of 2nd period - Jason Pominville is hit by Dan Boyle and loses puck.
4:40 of 2nd period - Snap shot by Travis Zajac.
4:40 of 2nd period - Shot Blocked by Shane O'Brien.
4:42 of 2nd period - Snap shot by Marian Hossa.
4:42 of 2nd period - Shot Misses the Net.
5:16 of 2nd period - Snap shot by Dustin Byfuglien.
5:16 of 2nd period - Shot Blocked by Drew Fata.
5:48 of 2nd period - Snap shot by Rostislav Olesz.
5:48 of 2nd period - Shot Misses the Net.
5:55 of 2nd period - Minor Penalty to Dan Boyle for Holding.
5:56 of 2nd period - Nik Antropov wins face-off versus Pierre-Marc Bouchard in Blues zone.
6:30 of 2nd period - Wrist shot by Jason Pominville.
6:30 of 2nd period - Stopped by Cory Schneider with a rebound.
6:32 of 2nd period - Slapshot by Max Pacioretty.
6:32 of 2nd period - Stopped by Cory Schneider with a rebound.
7:46 of 2nd period - Icing by Corey Perry.
7:47 of 2nd period - Nik Antropov wins face-off versus Pierre-Marc Bouchard in Avalanche zone.
7:55 of 2nd period - Penalty to Dan Boyle is over, Dan Boyle is back on ice.
8:31 of 2nd period - Jack Johnson is hit by Brian Lee and loses puck.
9:09 of 2nd period - Jack Johnson is hit by Andrew Cogliano and loses puck.
9:34 of 2nd period - Snap shot by Travis Zajac.
9:34 of 2nd period - Shot Blocked by Dave Tanabe.
9:36 of 2nd period - Slapshot by Dan Boyle.
9:36 of 2nd period - Stopped by Marty Turco without a rebound.
9:37 of 2nd period - Travis Zajac wins face-off versus Pierre-Marc Bouchard in Avalanche zone.
9:48 of 2nd period - Wrist shot by Marian Hossa.
9:48 of 2nd period - Goal by Marian Hossa - Blues : 3 - Avalanche : 1.
9:49 of 2nd period - Mike Comrie wins face-off versus Travis Zajac in neutral zone.
9:56 of 2nd period - Snap shot by Mike Comrie.
9:56 of 2nd period - Shot Blocked by Bryce Lampman.
10:19 of 2nd period - Snap shot by Nik Antropov.
10:19 of 2nd period - Shot Misses the Net.
10:21 of 2nd period - Snap shot by Brent Burns.
10:21 of 2nd period - Shot Blocked by Shane O'Brien.
10:23 of 2nd period - Backhand shot by David Perron.
10:23 of 2nd period - Deflect By Nik Antropov.
10:23 of 2nd period - Stopped by Marty Turco without a rebound.
10:24 of 2nd period - Travis Zajac wins face-off versus Mike Comrie in Avalanche zone.
10:31 of 2nd period - Slapshot by Marian Hossa.
10:31 of 2nd period - Shot Hit the Post.
10:42 of 2nd period - Minor Penalty to Jason Pominville for High sticking.
10:43 of 2nd period - Nik Antropov wins face-off versus Mike Comrie in Avalanche zone.
10:49 of 2nd period - Wrist shot by Nik Antropov.
10:49 of 2nd period - Stopped by Marty Turco with a rebound.
10:51 of 2nd period - Slapshot by Nik Antropov.
10:51 of 2nd period - Goal by Nik Antropov - Blues : 4 - Avalanche : 1.
10:51 of 2nd period - Jimmy Howard enters game.
10:52 of 2nd period - Travis Zajac wins face-off versus Max Pacioretty in neutral zone.
10:58 of 2nd period - Minor Penalty to Paul Kariya for Roughing.
10:59 of 2nd period - Pierre-Marc Bouchard wins face-off versus Nik Antropov in Blues zone.
12:04 of 2nd period - Off-side.
12:05 of 2nd period - Bryan Little wins face-off versus Nik Antropov in neutral zone.
12:58 of 2nd period - Penalty to Paul Kariya is over, Paul Kariya is back on ice.
13:07 of 2nd period - Snap shot by Paul Kariya.
13:07 of 2nd period - Deflect By Marian Hossa.
13:07 of 2nd period - Shot Misses the Net.
13:07 of 2nd period - Puck is out of play.
13:08 of 2nd period - Marian Hossa wins face-off versus Rostislav Olesz in Avalanche zone.
13:25 of 2nd period - Snap shot by Travis Zajac.
13:25 of 2nd period - Shot Misses the Net.
13:27 of 2nd period - Snap shot by Paul Kariya.
13:27 of 2nd period - Stopped by Jimmy Howard with a rebound.
13:29 of 2nd period - Slapshot by Brent Burns.
13:29 of 2nd period - Shot Misses the Net.
13:31 of 2nd period - Wrist shot by Travis Zajac.
13:31 of 2nd period - Stopped by Jimmy Howard with a rebound.
13:33 of 2nd period - Slapshot by Dan Boyle.
13:33 of 2nd period - Stopped by Jimmy Howard without a rebound.
13:34 of 2nd period - Mike Comrie wins face-off versus Nik Antropov in Avalanche zone.
13:36 of 2nd period - Icing by Jason Pominville.
13:37 of 2nd period - Nik Antropov wins face-off versus Mike Comrie in Avalanche zone.
13:42 of 2nd period - Snap shot by David Perron.
13:42 of 2nd period - Stopped by Jimmy Howard with a rebound.
14:11 of 2nd period - Snap shot by Ryan Smyth.
14:11 of 2nd period - Deflect By Pierre-Marc Bouchard.
14:11 of 2nd period - Shot Blocked by Dan Boyle.
14:11 of 2nd period - Puck is out of play.
14:12 of 2nd period - Pierre-Marc Bouchard wins face-off versus Nik Antropov in Blues zone.
14:14 of 2nd period - Minor Penalty to Pierre-Marc Bouchard for Hooking.
14:15 of 2nd period - Mike Comrie wins face-off versus Marian Hossa in Avalanche zone.
14:15 of 2nd period - Andrew Ladd is hit by Paul Kariya and loses puck.
14:18 of 2nd period - Minor Penalty to Paul Kariya for Hooking.
14:19 of 2nd period - Travis Zajac wins face-off versus Dustin Byfuglien in Blues zone.
15:01 of 2nd period - Brent Burns is hit by Andrew Ladd and loses puck.
16:04 of 2nd period - Brent Burns is hit by Drew Doughty and loses puck.
16:08 of 2nd period - Icing by Brian Lee.
16:09 of 2nd period - Taylor Pyatt wins face-off versus Chuck Kobasew in Blues zone.
16:14 of 2nd period - Penalty to Pierre-Marc Bouchard is over, Pierre-Marc Bouchard is back on ice.
16:18 of 2nd period - Penalty to Paul Kariya is over, Paul Kariya is back on ice.
16:30 of 2nd period - Snap shot by Nik Antropov.
16:30 of 2nd period - Shot Misses the Net.
16:32 of 2nd period - Slapshot by Taylor Pyatt.
16:32 of 2nd period - Shot Blocked by Pierre-Marc Bouchard.
16:34 of 2nd period - Snap shot by Taylor Pyatt.
16:34 of 2nd period - Shot Blocked by Drew Doughty.
16:40 of 2nd period - Wrist shot by Paul Kariya.
16:40 of 2nd period - Goal by Paul Kariya - Blues : 5 - Avalanche : 1.
16:41 of 2nd period - Mike Comrie wins face-off versus Travis Zajac in neutral zone.
16:46 of 2nd period - Wrist shot by Jason Pominville.
16:46 of 2nd period - Shot Misses the Net.
16:51 of 2nd period - Dan Boyle is hit by Marc Staal and loses puck.
17:06 of 2nd period - Nik Antropov is hit by Pierre-Marc Bouchard and loses puck.
17:25 of 2nd period - Wrist shot by Andrew Cogliano.
17:25 of 2nd period - Goal by Andrew Cogliano - Blues : 6 - Avalanche : 1.
17:26 of 2nd period - Travis Zajac wins face-off versus Mike Comrie in neutral zone.
17:53 of 2nd period - Wrist shot by Taylor Pyatt.
17:53 of 2nd period - Stopped by Jimmy Howard with a rebound.
18:17 of 2nd period - Wrist shot by Shane O'Brien.
18:17 of 2nd period - Shot Misses the Net.
18:33 of 2nd period - Slapshot by Erik Rasmussen.
18:33 of 2nd period - Stopped by Jimmy Howard without a rebound.
18:34 of 2nd period - Bryan Little wins face-off versus Erik Rasmussen in Avalanche zone.
18:34 of 2nd period - Bryan Little is hit by Derek Boogaard.
18:41 of 2nd period - Off-side.
18:42 of 2nd period - Pierre-Marc Bouchard wins face-off versus Travis Zajac in neutral zone.
18:44 of 2nd period - Off-side.
18:45 of 2nd period - Pierre-Marc Bouchard wins face-off versus Travis Zajac in neutral zone.
19:17 of 2nd period - Wrist shot by Jason Pominville.
19:17 of 2nd period - Shot Misses the Net.
19:19 of 2nd period - Snap shot by Max Pacioretty.
19:19 of 2nd period - Stopped by Cory Schneider with a rebound.
19:21 of 2nd period - Slapshot by Marc Staal.
19:21 of 2nd period - Stopped by Cory Schneider with a rebound.
Goals for this period are 5 for Blues vs 0 for Avalanche.
Shots for this period are 18 for Blues vs 7 for Avalanche.
3rd period
0:01 of 3rd period - Pierre-Marc Bouchard wins face-off versus Travis Zajac in neutral zone.
0:11 of 3rd period - Dave Tanabe beats up Bryce Lampman.
0:11 of 3rd period - Penalty to Dave Tanabe for Fighting.
0:11 of 3rd period - Penalty to Bryce Lampman for Fighting.
0:12 of 3rd period - Pierre-Marc Bouchard wins face-off versus Travis Zajac in Avalanche zone.
0:12 of 3rd period - Pierre-Marc Bouchard is hit by Paul Kariya.
0:24 of 3rd period - Dan Boyle beats up Pierre-Marc Bouchard.
0:24 of 3rd period - Penalty to Pierre-Marc Bouchard for Fighting.
0:24 of 3rd period - Penalty to Dan Boyle for Fighting.
0:25 of 3rd period - Paul Kariya wins face-off versus Mike Comrie in Blues zone.
1:30 of 3rd period - Brent Burns is hit by Drew Doughty and loses puck.
1:59 of 3rd period - Snap shot by Travis Zajac.
1:59 of 3rd period - Shot Blocked by Dustin Byfuglien.
2:09 of 3rd period - Dustin Byfuglien is hit by David Perron and loses puck.
3:04 of 3rd period - Minor Penalty to Paul Kariya for Roughing.
3:05 of 3rd period - Nik Antropov wins face-off versus Andrew Ladd in Blues zone.
4:06 of 3rd period - Slapshot by Drew Doughty.
4:06 of 3rd period - Shot Misses the Net.
4:08 of 3rd period - Slapshot by Marc Staal.
4:08 of 3rd period - Stopped by Cory Schneider with a rebound.
4:10 of 3rd period - Wrist shot by Jason Pominville.
4:10 of 3rd period - Stopped by Cory Schneider without a rebound.
4:11 of 3rd period - Nik Antropov wins face-off versus Dustin Byfuglien in Blues zone.
4:20 of 3rd period - Slapshot by Marc Staal.
4:20 of 3rd period - Stopped by Cory Schneider with a rebound.
4:22 of 3rd period - Wrist shot by Dustin Byfuglien.
4:22 of 3rd period - Shot Blocked by Drew Fata.
4:24 of 3rd period - Snap shot by Dustin Byfuglien.
4:24 of 3rd period - Deflect By Jason Pominville.
4:24 of 3rd period - Stopped by Cory Schneider with a rebound.
4:54 of 3rd period - Brent Burns is hit by Max Pacioretty and loses puck.
5:04 of 3rd period - Penalty to Paul Kariya is over, Paul Kariya is back on ice.
5:47 of 3rd period - Off-side.
5:48 of 3rd period - Erik Rasmussen wins face-off versus Rostislav Olesz in neutral zone.
6:02 of 3rd period - Icing by Shane O'Brien.
6:03 of 3rd period - Rostislav Olesz wins face-off versus Travis Zajac in Avalanche zone.
6:10 of 3rd period - Snap shot by Chuck Kobasew.
6:10 of 3rd period - Stopped by Cory Schneider with a rebound.
6:12 of 3rd period - Slapshot by Shane O'Brien.
6:12 of 3rd period - Stopped by Cory Schneider without a rebound.
6:13 of 3rd period - Travis Zajac wins face-off versus Pierre-Marc Bouchard in Blues zone.
6:13 of 3rd period - Travis Zajac is hit by Ryan Smyth.
6:30 of 3rd period - Brian Campbell and Travis Zajac fight to a draw.
6:30 of 3rd period - Penalty to Brian Campbell for Fighting.
6:30 of 3rd period - Penalty to Travis Zajac for Fighting.
6:31 of 3rd period - Pierre-Marc Bouchard wins face-off versus Andrew Cogliano in Blues zone.
6:42 of 3rd period - Snap shot by Pierre-Marc Bouchard.
6:42 of 3rd period - Deflect By Corey Perry.
6:42 of 3rd period - Stopped by Cory Schneider with a rebound.
7:05 of 3rd period - Bryce Lampman is hit by Mike Comrie and loses puck.
7:42 of 3rd period - Snap shot by Andrew Ladd.
7:42 of 3rd period - Stopped by Cory Schneider without a rebound.
7:43 of 3rd period - Pierre-Marc Bouchard wins face-off versus Andrew Cogliano in Blues zone.
7:54 of 3rd period - Snap shot by Corey Perry.
7:54 of 3rd period - Shot Blocked by Brian Lee.
8:08 of 3rd period - Max Pacioretty is hit by Brent Burns and loses puck.
8:51 of 3rd period - Snap shot by Paul Kariya.
8:51 of 3rd period - Shot Misses the Net.
9:09 of 3rd period - Ryan Smyth is hit by Bryce Lampman and loses puck.
9:39 of 3rd period - Shane O'Brien is hit by Derek Boogaard and loses puck.
9:52 of 3rd period - Dustin Byfuglien is hit by Paul Kariya and loses puck.
10:01 of 3rd period - Brent Burns is hit by Dustin Byfuglien and loses puck.
10:21 of 3rd period - Wrist shot by Nik Antropov.
10:21 of 3rd period - Stopped by Jimmy Howard with a rebound.
10:45 of 3rd period - Wrist shot by Andrew Ladd.
10:45 of 3rd period - Stopped by Cory Schneider without a rebound.
10:46 of 3rd period - Erik Rasmussen wins face-off versus Rostislav Olesz in Blues zone.
10:57 of 3rd period - Bryce Lampman is hit by Rostislav Olesz and loses puck.
10:59 of 3rd period - Rostislav Olesz and Dan Boyle fight to a draw.
10:59 of 3rd period - Penalty to Rostislav Olesz for Fighting.
10:59 of 3rd period - Penalty to Dan Boyle for Fighting.
10:59 of 3rd period - Penalty to Rostislav Olesz for instigated a fight.
10:59 of 3rd period - Penalty to Rostislav Olesz for instigated a fight.
11:00 of 3rd period - Mike Comrie wins face-off versus Marian Hossa in Blues zone.
11:11 of 3rd period - Wrist shot by Mike Comrie.
11:11 of 3rd period - Stopped by Cory Schneider with a rebound.
11:13 of 3rd period - Slapshot by Jack Johnson.
11:13 of 3rd period - Deflect By Brent Burns.
11:13 of 3rd period - Stopped by Cory Schneider with a rebound.
11:15 of 3rd period - Wrist shot by Mike Comrie.
11:15 of 3rd period - Stopped by Cory Schneider without a rebound.
11:16 of 3rd period - Nik Antropov wins face-off versus Mike Comrie in Blues zone.
11:23 of 3rd period - Backhand shot by Paul Kariya.
11:23 of 3rd period - Shot Misses the Net.
11:30 of 3rd period - Penalty to Brian Campbell is over, Brian Campbell is back on ice.
12:59 of 3rd period - Penalty to Rostislav Olesz is over, Chuck Kobasew is send on ice.
13:31 of 3rd period - Off-side.
13:32 of 3rd period - Dustin Byfuglien wins face-off versus Erik Rasmussen in neutral zone.
14:01 of 3rd period - Slapshot by Pierre-Marc Bouchard.
14:01 of 3rd period - Shot Blocked by Brian Lee.
14:03 of 3rd period - Wrist shot by Pierre-Marc Bouchard.
14:03 of 3rd period - Shot Misses the Net.
14:05 of 3rd period - Slapshot by Brian Campbell.
14:05 of 3rd period - Deflect By Brent Burns.
14:05 of 3rd period - Stopped by Cory Schneider with a rebound.
14:46 of 3rd period - Off-side.
14:47 of 3rd period - Travis Zajac wins face-off versus Pierre-Marc Bouchard in neutral zone.
14:50 of 3rd period - Slapshot by Kevin Shattenkirk.
14:50 of 3rd period - Stopped by Jimmy Howard without a rebound.
14:51 of 3rd period - Travis Zajac wins face-off versus Pierre-Marc Bouchard in Avalanche zone.
14:56 of 3rd period - Wrist shot by Paul Kariya.
14:56 of 3rd period - Shot Misses the Net.
14:58 of 3rd period - Minor Penalty to Pierre-Marc Bouchard for Tripping.
14:59 of 3rd period - Nik Antropov wins face-off versus Mike Comrie in Avalanche zone.
15:10 of 3rd period - Snap shot by Marian Hossa.
15:10 of 3rd period - Shot Blocked by Jack Johnson.
15:59 of 3rd period - Penalty to Rostislav Olesz is over, Corey Perry is send on ice.
16:30 of 3rd period - Marian Hossa is hit by Jack Johnson and loses puck.
16:58 of 3rd period - Penalty to Pierre-Marc Bouchard is over, Pierre-Marc Bouchard is back on ice.
17:34 of 3rd period - Dave Tanabe is hit by Drew Fata.
18:03 of 3rd period - Paul Kariya is hit by Dustin Byfuglien and loses puck.
18:08 of 3rd period - Snap shot by Jason Pominville.
18:08 of 3rd period - Stopped by Cory Schneider without a rebound.
18:09 of 3rd period - Pierre-Marc Bouchard wins face-off versus Nik Antropov in Blues zone.
18:14 of 3rd period - Snap shot by Ryan Smyth.
18:14 of 3rd period - Shot Misses the Net.
18:18 of 3rd period - Slapshot by Corey Perry.
18:18 of 3rd period - Stopped by Cory Schneider with a rebound.
18:20 of 3rd period - Wrist shot by Corey Perry.
18:20 of 3rd period - Shot Hit the Post.
18:26 of 3rd period - Minor Penalty to Kevin Shattenkirk for Diving.
18:27 of 3rd period - Pierre-Marc Bouchard wins face-off versus Nik Antropov in Blues zone.
Goals for this period are 0 for Blues vs 0 for Avalanche.
Shots for this period are 2 for Blues vs 15 for Avalanche.
Output by the SimonT Hockey Simulator (STHS) for François Prévost -- Original Page W3C XHTML 1.0 Valid